 Dungeon Crawl Stone Soup version 0.26-a0-597-gb535b0901c (webtiles) character file.

Game seed: 12320824473809628539

898 Cokeysmoke the Quickloader (level 8, 0/45 HPs)
             Began as a Kobold Hunter on Sept 9, 2020.
             Was an Initiate of Dithmenos.
             Slain by an orc warrior
             ... wielding a +0 flail
              (3 damage)
             ... on level 6 of the Dungeon.
             The game lasted 00:17:22 (5782 turns).

Cokeysmoke the Quickloader (Kobold Hunter)          Turns: 5782, Time: 00:17:23

Health: 0/45       AC:  7    Str:  9    XL:     8   Next: 28%
Magic:  8/8        EV: 13    Int: 13    God:    Dithmenos [......]
Gold:   60         SH:  0    Dex: 17    Spells: 7/7 levels left

rFire    . . .     SeeInvis .   g - +4 short sword
rCold    + . .     Faith    .   (shield restricted)
rNeg     . . .     Spirit   .   n - +0 ring mail
rPois    .         Reflect  .   h - +0 helmet (curse)
rElec    .         Harm     .   s - +0 cloak
rCorr    .                      (no gloves)
MR       .....                  (no boots)
Stlth    +++.......             (no amulet)
HPRegen  0.15/turn              q - ring of protection from cold
MPRegen  0.11/turn              (no ring)

@: no status effects
A: small, talons 1, nightstalker 3, evolution 2
a: Renounce Religion


You were on level 6 of the Dungeon.
You worshipped Dithmenos.
Dithmenos was noncommittal.
You visited 2 branches of the dungeon, and saw 7 of its levels.

You collected 247 gold pieces.
You spent 187 gold pieces at shops.

Inventory:

Hand Weapons
 a - a +1 hand crossbow
 g - a +4 short sword (weapon)
 p - the +5 hunting sling "Tyast" {freeze, MP-9 Str+5 Int+5}
   (You found it on level 5 of the Dungeon)

   It causes projectiles fired from it to freeze those they strike, causing
   extra injury to most foes and up to half again as much damage against
   particularly susceptible opponents.
   They can also slow down cold-blooded creatures.
   It affects your strength (+5).
   It affects your intelligence (+5).
   It affects your magic capacity (-9).
Missiles
 d - 12 bolts (quivered)
 k - 21 stones
 u - 6 poisoned darts
Armour
 c - a +0 leather armour
 h - a cursed +0 helmet (worn)
 m - a +0 chain mail
 n - a +0 ring mail (worn)
 s - a +0 cloak (worn)
 v - a +0 scale mail
Jewellery
 q - a ring of protection from cold (left hand)
Wands
 o - a wand of random effects (18)
Scrolls
 b - a scroll of remove curse
 e - a scroll of amnesia
 i - 3 scrolls of teleportation
 j - 2 scrolls of fog
 l - a scroll of immolation
 r - a scroll of brand weapon {unknown}
 t - a scroll of magic mapping
 w - a scroll of noise {unknown}
Potions
 f - a potion of curing


   Skills:
 + Level 2.6 Fighting
 * Level 5.3 Short Blades
 - Level 10.0 Crossbows
 + Level 2.9 Dodging
 * Level 3.1 Stealth


You had 7 spell levels left.
You didn't know any spells.
Your spell library was empty.

Dungeon Overview and Level Annotations

Branches:
Dungeon (6/15)             Temple (1/1) D:6

Altars:
Ashenzari
Cheibriados
Dithmenos
Elyvilon
Fedhas
Gozag
Hepliaklqana
Kikubaaqudgha
Makhleb
Nemelex Xobeh
Okawaru
Qazlal
Ru
Sif Muna
Trog
Uskayaw
Vehumet
Wu Jian
Xom
Yredelemnul
Zin
The Shining One

Shops:
D:5 ?[!?


Innate Abilities, Weirdness & Mutations

You are small and have problems with some larger weapons.
You are completely attuned to the shadows.
You have sharp toenails.
You rapidly evolve.


Message History

You hit the orc warrior but do no damage.
You claw the orc warrior.
The orc warrior is lightly wounded.
The orc warrior barely misses you.
You hit the orc warrior but do no damage.
The orc warrior is lightly wounded.
The orc warrior barely misses you.
You closely miss the orc warrior.
The orc warrior is lightly wounded.
You hit the orc warrior.
The orc warrior is moderately wounded.
The orc warrior hits you but does no damage.
You closely miss the orc warrior.
You claw the orc warrior, but do no damage.
The orc warrior is moderately wounded.
The orc warrior hits you with a +0 flail!
* * * LOW HITPOINT WARNING * * *
You open the door.
The orc warrior hits you with a +0 flail.
You die...

#.#o##.......
#......#.##..
#o##...#....#
#.o.........
##o..#....##
######'#......
#...o....#####
#o###....###
#.o@'....#.#######
#####....#.##....#
#......##.##.#
#....#.##.##.#
#....#.##.##.#
#....#.##.##.#
....#.##.##.#
#.......#
####.####


You could see an orc warrior and an orc wizard (fast).

Vanquished Creatures
  2 ogres (D:5)
  A phantom (D:5)
  A scorpion (D:5)
  5 wights (D:5)
  A howler monkey (D:4)
  A bullfrog zombie (D:5)
  A hound (D:4)
  An orc priest (D:5)
  Crazy Yiuf (D:3)
  An orc wizard (D:3)
  An iguana (D:5)
  Terence (D:2)
  A worker ant (D:5)
  An adder (D:2)
  4 worms
  5 dart slugs
  7 leopard geckos
  15 orcs
  A ball python (D:2)
  A giant cockroach (D:3)
  5 hobgoblins
  8 jackals
  11 kobolds
  A quokka (D:5)
  5 bats
  5 frilled lizards
  7 goblins
  A quokka skeleton (D:5)
  4 rats (D:1)
99 creatures vanquished.

Notes
Turn   | Place    | Note
-------+----------+-------------------------------------------
     0 | D:1      | Cokeysmoke the Kobold Hunter began the quest for the Orb.
     0 | D:1      | Reached XP level 1. HP: 12/12 MP: 1/1
    35 | D:1      | Reached skill level 5 in Crossbows
    59 | D:1      | Reached XP level 2. HP: 17/17 MP: 2/2
   599 | D:1      | Reached XP level 3. HP: 21/21 MP: 3/3
   634 | D:1      | Reached skill level 6 in Crossbows
  1192 | D:2      | Reached XP level 4. HP: 26/26 MP: 4/4
  1197 | D:2      | Noticed Terence
  1206 | D:2      | Killed Terence
  1329 | D:2      | Reached skill level 7 in Crossbows
  1526 | D:3      | Reached XP level 5. HP: 30/30 MP: 5/5
  1636 | D:3      | Found a shattered altar of Ashenzari.
  2256 | D:3      | Found a runed translucent door.
  2259 | D:3      | Noticed Crazy Yiuf
  2265 | D:3      | Killed Crazy Yiuf
  2265 | D:3      | Reached skill level 8 in Crossbows
  3366 | D:4      | Reached XP level 6. HP: 35/35 MP: 6/6
  3478 | D:4      | Reached skill level 1 in Short Blades
  3889 | D:5      | Entered Level 5 of the Dungeon
  4030 | D:5      | Noticed an ogre
  4066 | D:5      | Killed an ogre
  4066 | D:5      | Reached skill level 9 in Crossbows
  4066 | D:5      | Reached XP level 7. HP: 24/40 MP: 7/7
  4280 | D:5      | Found Pahux's Magic Scroll Emporium.
  4293 | D:5      | Found Posy's Magic Scroll Boutique.
  4300 | D:5      | Bought a scroll of enchant weapon for 75 gold pieces
  4352 | D:5      | Found Tienuhonn's Antique Armour Shop.
  4778 | D:5      | Reached skill level 10 in Crossbows
  4785 | D:5      | Reached XP level 8. HP: 44/44 MP: 8/8
  4791 | D:5      | Reached skill level 5 in Short Blades
  4949 | D:5      | Got a slimy hunting sling
  4950 | D:5      | Identified the +5 hunting sling "Tyast" {freeze, MP-9 Str+5
                  | Int+5} (You found it on level 5 of the Dungeon)
  5233 | D:5      | Found Myzxyetu's Distillery.
  5238 | D:5      | Bought a potion of mutation for 112 gold pieces
  5238 | D:5      | Gained mutation: You evolve. [potion of mutation]
  5238 | D:5      | Gained mutation: You rapidly evolve. [potion of mutation]
  5238 | D:5      | Gained mutation: You have sharp toenails. [potion of
                  | mutation]
  5536 | D:6      | Found a staircase to the Ecumenical Temple.
  5540 | Temple   | Entered the Ecumenical Temple
  5694 | Temple   | Became a worshipper of Dithmenos the Shadowed
  5782 | D:6      | Slain by an orc warrior

Illustrated notes

Levels and vault maps discovered:
D:1:      psy_arrival_whirlpool, layout_basic, serial_park_tiny_1
D:2:      layout_basic, minmay_diced_spiral, uniq_jessica, uniq_terence
D:3:      layout_basic, ashenzari_conservatory_becter, uniq_crazy_yiuf_cottage
D:4:      layout_basic, moated_statue
D:5:      cheibrodos_iron_armory, layout_loops_ring, serial_shops,
          nicolae_shop_stone, shop, shop_statue, shop
D:6:      layout_basic, minmay_temple_entry_ruins, interstate_on_off,
          dk_vineyard_1, hangedman_abyss_or_decor_jellyfish_corner
Temple:   regret_index_temple_sigil_plot

Skill      XL: |  1  2  3  4  5  6  7  8 |
---------------+-------------------------+-----
Crossbows      | 5 6 7 8 9 10 | 10.0
Short Blades   | 2 4 5 |  5.3
Stealth        | 3 |  3.1
Fighting       | |  2.6
Dodging        | |  2.9

Action                   |  1- 3 |  4- 6 |  7- 9 || total
-------------------------+-------+-------+-------++-------
Melee: Short sword       |       |    33 |   103 ||   136
       Kick              |       |       |     6 ||     6
 Fire: Hand crossbow     |    69 |    76 |    12 ||   157
  Use: Scroll            |       |    12 |     2 ||    14
       Potion            |       |     1 |     8 ||     9
 Stab: Sleeping          |       |     1 |     7 ||     8
Armor: Leather armour    |     7 |     5 |     1 ||    13
       Skin              |       |     2 |    12 ||    14
       Ring mail         |       |       |     9 ||     9
Dodge: Dodged            |    15 |    22 |    49 ||    86

Table legend: (Time is in decaauts)
 A = Elapsed time spent in this place.
 B = Non-inter-level travel time spent in this place.
 C = Inter-level travel time spent in this place.
 D = Time resting spent in this place.
 E = Time spent auto-exploring this place.
 F = Levels seen in this place.
 G = Mean time per level.
                   A        B        C        D        E       F      G
               +--------+--------+--------+--------+--------+-----+--------+
         Total |   5802 |   5622 |    180 |    758 |   4161 |   7 |  828.9 |
       Dungeon |   5625 |   5468 |    157 |    758 |   4016 |   6 |  937.5 |
        Temple |    177 |    154 |     23 |      0 |    145 |   1 |  177.0 |
               +--------+--------+--------+--------+--------+-----+--------+

Top non-repeatable levels by time:
     D:5: 1557 daAuts
     D:4: 1241 daAuts
     D:3: 1141 daAuts
     D:1: 1043 daAuts
     D:2: 489 daAuts
  Temple: 177 daAuts
     D:6: 152 daAuts
